 Dungeon Crawl Stone Soup version 0.31.0-1-g2c135a008e (webtiles) character file.

Game seed: 12468435028412234280

218 qw the Shooter (level 6, -1/46 HPs)
             Began as a Djinni Hunter on Jan 23, 2024.
             Slain by a hobgoblin (3 damage)
             ... led by Robin
             ... on level 3 of the Dungeon.
             The game lasted 00:00:08 (2078 turns).

qw the Shooter (Djinni Hunter)                      Turns: 2078, Time: 00:00:08

Health: -1/46      AC:  3    Str: 16    XL:     6   Next: 17%
Gold:   72         EV: 13    Int: 10    God:
                   SH:  0    Dex: 19

rFire   + + .        a - +0 shortbow
rCold   x . .        (shield currently unavailable)
rNeg    . . .        c - +0 leather armour
rPois   inf          (no helmet)
rElec   .            (no cloak)
rCorr   .            (no gloves)
SInv    .            (boots unavailable)
Will    .....        (no amulet)
Stlth   ++           g - +6 ring of strength
HPRegen 0.27/turn    (no ring)
MPRegen 0.00/turn

%: infuse magic (-2 HP)
@: flying
A: sickness immunity, fire resistance 2, cold vulnerability 1, float, innate
caster, HP casting, extra vitality 1
a: no special abilities


You were on level 3 of the Dungeon.
You visited 1 branch of the dungeon, and saw 3 of its levels.

You collected 72 gold pieces.


Innate Abilities, Weirdness & Mutations

You are immune to sickness and miasma.
You are immune to poison.
Your flesh is very heat resistant. (rF++)
You are vulnerable to cold. (rC-)
You float through the air rather than walking.
You learn spells naturally, not from books.
Your magical power is your life essence.
You have superior vitality. (+4 MHP)


   Skills:
 + Level 3.4 Fighting
 - Level 5.0 Ranged Weapons
 - Level 3.1 Dodging
 - Level 0.7 Stealth


You knew the following spells:

 Your Spells              Type           Power      Damage    Failure   Level
a - Freeze                Ice            0%         1d3       43%         1
b - Searing Ray           Conj           0%         2d4       56%         2
Your spell library was empty.

Inventory:

Hand Weapons
 a - a +0 shortbow (weapon)
Armour
 c - a +0 leather armour (worn)
Jewellery
 g - a +6 ring of strength (left hand)
Scrolls
 b - a scroll of immolation {unknown}
Potions
 e - a potion of attraction {unknown}
 f - a potion of berserk rage {unknown}

Dungeon Overview and Level Annotations

Branches:
Dungeon (3/15)

Altars:


Message History

The goblin barely misses you. The goblin hits you but does no damage.
The goblin hits you with a +0 dagger.
A hobgoblin comes into view.
The goblin hits you but does no damage.
Robin roars a battlecry!
The hobgoblin goes into a battle-frenzy!
The goblin misses you.
You shoot an arrow. The arrow closely misses Robin.
The arrow completely misses the goblin.
The goblin misses you. Robin hits you with a +0 club.
The goblin hits you with a +0 dagger. The goblin barely misses you.
You shoot an arrow. The arrow hits Robin.
You kill Robin!
The goblin hits you with a +0 dagger. The goblin hits you with a +0 club.
The goblin hits you with a +0 dagger.
You shoot an arrow. The arrow closely misses the goblin.
The goblin closely misses you. The goblin hits you but does no damage.
The goblin hits you with a +0 dagger. The goblin barely misses you.
You shoot an arrow. The arrow hits the goblin.
You kill the goblin!
The goblin hits you with a +0 dagger. The goblin hits you but does no damage.
The goblin hits you with a +0 dagger.
You shoot an arrow. The arrow hits the goblin.
You kill the goblin!
The goblin hits you with a +0 dagger. The goblin hits you but does no damage.
The goblin closely misses you. The goblin hits you with a +0 dagger.
The goblin hits you with a +0 club.
You shoot an arrow. The arrow barely misses the goblin.
The goblin misses you. The goblin closely misses you.
The goblin hits you with a +0 club.
You shoot an arrow. The arrow hits the goblin.
You kill the goblin!
The goblin hits you but does no damage. The goblin hits you with a +0 dagger.
You shoot an arrow. The arrow barely misses the hobgoblin.
The hobgoblin barely misses you. The goblin barely misses you.
The goblin closely misses you.
You shoot an arrow. The arrow hits the hobgoblin.
The hobgoblin is heavily wounded.
The goblin hits you with a +0 dagger. The hobgoblin hits you.
You die...

######...#### ... ##[##
... #.##### # ..
###...... .#. ..
#.......# .).. #.
#.#####.# #...#. #####
#.# #.#
#.#..g##...####.#####.#
#...gg@).#............#
####.g##...............
#.## ####.####.######
). #.# #.# #. #.# .# #
#.# .# #.# .# #.# .#
#.#


You could see a hobgoblin (strong) and 3 goblins.

Vanquished Creatures
  A scorpion (D:2)
  A howler monkey (D:3)
  Robin (D:3)
  3 gnolls (D:2)
  An adder (D:2)
  2 dart slugs
  An orc (D:3)
  9 ball pythons
  A bat (D:1)
  9 endoplasms
  5 giant cockroaches
  10 goblins
  4 hobgoblins
  3 jackals (D:2)
  2 quokkas
  4 frilled lizards
  6 kobolds
  4 rats
67 creatures vanquished.

Notes
Turn   | Place    | Note
-------+----------+-------------------------------------------
     0 | D:1      | qw the Djinni Hunter began the quest for the Orb.
     0 | D:1      | Reached XP level 1. HP: 18/18 MP: 0/0
     0 | D:1      | 0 ||| qw: Version: 0.3-a-135-gb77e89d
     0 | D:1      | 0 ||| qw: Game counter: 912
     0 | D:1      | 0 ||| qw: Melee chars always use a shield: true
     0 | D:1      | 0 ||| qw: God list: Okawaru
     0 | D:1      | 0 ||| qw: Allow faded altars: false
     0 | D:1      | 0 ||| qw: Do Orc after clearing Dungeon:15 true
     0 | D:1      | 0 ||| qw: Do second Lair branch before Depths: true
     0 | D:1      | 0 ||| qw: Lair rune preference: random
     0 | D:1      | 0 ||| qw: Goals: Normal
     0 | D:1      | 0 ||| PLANNING D:1-11
   110 | D:1      | Reached XP level 2. HP: 23/23 MP: 0/0
   555 | D:1      | Reached XP level 3. HP: 28/28 MP: 0/0
   555 | D:1      | Learned a level 1 spell: Freeze
   572 | D:1      | Reached skill level 4 in Ranged Weapons
  1059 | D:1      | 1059 ||| UPGRADING to +6 ring of strength.
  1060 | D:1      | 1060 ||| READING 2 scrolls labelled BAMIXO QEKH.
  1061 | D:1      | 1061 ||| READING scroll labelled EBEQUI HYLI.
  1062 | D:1      | 1062 ||| READING scroll labelled GAQAUPSIRIG.
  1065 | D:1      | 1065 ||| DRINKING 2 fizzy dark potions.
  1066 | D:1      | 1066 ||| DROPPING scroll of butterflies.
  1067 | D:1      | 1067 ||| DROPPING potion of brilliance.
  1068 | D:1      | 1068 ||| DROPPING scroll of noise.
  1137 | D:2      | Reached skill level 3 in Fighting
  1137 | D:2      | Reached XP level 4. HP: 28/35 MP: 0/0
  1287 | D:2      | Reached skill level 3 in Dodging
  1575 | D:2      | Noticed a scorpion
  1588 | D:2      | Killed a scorpion
  1589 | D:2      | Reached XP level 5. HP: 27/40 MP: 0/0
  1589 | D:2      | Learned a level 2 spell: Searing Ray
  1769 | D:2      | 1769 ||| READING 2 scrolls labelled GAFEOT VUGOT.
  1770 | D:2      | 1770 ||| READING scroll labelled JOXKIY JOEROPN.
  1771 | D:2      | 1771 ||| DROPPING scroll of fog.
  1905 | D:3      | Reached XP level 6. HP: 34/46 MP: 0/0
  1915 | D:3      | 1915 ||| FLEEEEING.
  1961 | D:3      | Found a faded altar of an unknown god.
  2054 | D:3      | Noticed Robin
  2059 | D:3      | Reached skill level 5 in Ranged Weapons
  2071 | D:3      | Killed Robin
  2074 | D:3      | HP: 10/46 [goblin/+0 dagger[Robin] (5)]
  2078 | D:3      | HP: 2/46 [goblin/+0 dagger[Robin] (5)]
  2078 | D:3      | Slain by a hobgoblin

Levels and vault maps discovered:
D:1:      dpeg_arrival_lava_temple_mockup, layout_loops_corners,
          serial_bayou_lagoon_a, minmay_strange_pillars, roderic_lattice_a,
          hangedman_feature_mirror
D:2:      layout_loops_ring
D:3:      layout_loops_ring, ebering_ecumenical_altar_rust,
          nicolae_shop_vocational, uniq_robin

Skill      XL: |  1  2  3  4  5  6 |
---------------+-------------------+-----
Ranged Weapons | 4 5 |  5.0
Fighting       | 3 |  3.4
Dodging        | 3 |  3.1
Stealth        | |  0.7

Action                     |  1- 3 |  4- 6 || total
---------------------------+-------+-------++-------
   Fire: Shortbow          |    94 |    95 ||   189
    Use: Scroll            |     3 |     2 ||     5
         Potion            |     1 |       ||     1
 Armour: Leather armour    |    13 |    48 ||    61
  Dodge: Dodged            |    11 |    36 ||    47

Table legend:
 A = Non-vault XP
 B = Vault XP
 C = Vault XP percentage of total XP
 D = Non-vault monster count
 E = Vault monster count
 F = Vault count percentage of total count
                 A         B        C        D         E       F
            +---------+---------+-------+---------+---------+-------
      Total |     280 |      32 |  10.3 |      58 |       9 |  13.4
            +---------+---------+-------+---------+---------+-------
        D:1 |      51 |       3 |   5.6 |      29 |       2 |   6.5
        D:2 |     170 |       0 |   0.0 |      26 |       0 |   0.0
        D:3 |      59 |      29 |  33.0 |       3 |       7 |  70.0
            +---------+---------+-------+---------+---------+-------
